 Dungeon Crawl Stone Soup version 0.29-a0-320-g9f8742066b (webtiles) character file.

Game seed: 17952312411913939227

16280 sammy202020 the Fighter (level 12, -18/97 HPs)
             Began as a Demonspawn Berserker on Apr 2, 2022.
             Was an Elder of Trog.
             Demolished by an enormous slime creature (41 damage)
             ... on level 11 of the Dungeon.
             The game lasted 00:31:00 (11050 turns).

sammy202020 the Fighter (Demonspawn Berserker)     Turns: 11050, Time: 00:31:01

Health: -18/97     AC: 22    Str: 20    XL:     12   Next: 8%
Magic:  0/12       EV:  2    Int: 10    God:    Trog [****..]
Gold:   734        SH: 32    Dex: 12    Spells: 11/11 levels left

rFire   . . .      SeeInvis .   y - +2 war axe (vorpal)
rCold   . . .      Faith    .   J - +18 shield of the Gong {rElec rN+ Will+ EV-5}
rNeg    + . .      Spirit   +   M - +0 plate armour
rPois   +          Reflect  +   O - +2 hat {Will+}
rElec   +          Harm     .   b - +0 cloak
rCorr   +          Rampage  .   (no gloves)
Will    ++++.                   f - +0 pair of boots
Stlth   ..........              N - amulet of reflection
HPRegen 1.26/turn               R - ring of poison resistance
MPRegen 0.26/turn               P - ring of resist corrosion

@: strong-willed, on berserk cooldown, regenerating, slowed, very slow
A: antennae 1, thin metallic scales 3, powered by pain 1, magic shield, magic
regeneration, clumsy 1
a: Renounce Religion, Berserk, Trog's Hand, Brothers in Arms


You were on level 11 of the Dungeon.
You worshipped Trog.
Trog was greatly pleased with you.
You visited 1 branch of the dungeon, and saw 11 of its levels.
You also visited: Bailey.

You collected 734 gold pieces.

Inventory:

Hand Weapons
 r - a +0 hunting sling
 y - a +2 vorpal war axe (weapon)
 D - a +0 mace
 E - a +0 morningstar
 S - a +0 broad axe
Missiles
 n - 45 poisoned darts
 s - 13 curare-tipped darts
 x - 28 boomerangs (quivered)
Armour
 b - a +0 cloak (worn)
 f - a +0 pair of boots (worn)
 w - a +0 helmet
 J - the +18 shield of the Gong (worn) {rElec rN+ Will+ EV-5}
   (You found it on level 8 of the Dungeon)

   It is deafeningly noisy when blocking attacks.
   EV:        It affects your evasion (-5).
   rElec:     It insulates you from electricity.
   rN:        It protects you from negative energy.
   Will:      It increases your willpower.
 L - the +0 chain mail of Action {rElec Int+2 Dex+3}
   (You took it off an orc warrior on level 8 of the Dungeon)

   Int:       It affects your intelligence (+2).
   Dex:       It affects your dexterity (+3).
   rElec:     It insulates you from electricity.
 M - a +0 plate armour (worn)
 O - a +2 hat of willpower (worn)
Jewellery
 i - a ring of flight
 q - a ring of positive energy
 N - an amulet of reflection (around neck)
 P - a ring of resist corrosion (right hand)
 R - a ring of poison resistance (left hand)
Wands
 v - a wand of paralysis (10)
 A - a wand of digging (3)
 C - a wand of polymorph (9)
 K - a wand of charming (6)
 Q - a wand of iceblast (5)
Scrolls
 e - 5 scrolls of fear
 m - 3 scrolls of identify
 p - a scroll of teleportation
 t - 2 scrolls of enchant weapon
 z - a scroll of enchant armour
 F - a scroll of fog
 H - 2 scrolls of magic mapping
Potions
 a - a potion of flight
 c - 6 potions of curing
 d - 2 potions of berserk rage
 g - 3 potions of heal wounds
 h - a potion of mutation
 j - a potion of lignification
 k - a potion of degeneration
 l - 5 potions of invisibility
 o - 2 potions of attraction
 u - a potion of ambrosia
 B - a potion of haste
Miscellaneous
 G - a lightning rod (4/4)


   Skills:
 * Level 10.3 Fighting
 * Level 9.4 Axes
 * Level 8.9 Armour
 + Level 6.5 Dodging
 * Level 5.2 Shields
 + Level 4.8 Evocations


You had 11 spell levels left.
You didn't know any spells.
Your spell library was empty.

Dungeon Overview and Level Annotations

Branches:
Dungeon (11/15)            Temple (0/1) D:5            Lair (0/6) D:9
 Bailey (visited)
    Orc: D:9-12

Altars:
Ashenzari
Elyvilon
Hepliaklqana
Makhleb
Ru
Sif Muna
Wu Jian
Xom
Yredelemnul
Beogh


Innate Abilities, Weirdness & Mutations

You have a pair of small antennae on your head.
You are completely covered in thin metallic scales. (AC +4, rElec)
You sometimes gain a little power by taking damage.
When hurt, damage is shared between your health and your magic reserves.
You regenerate magic rapidly.
You are clumsy. (Dex -2)


Message History

You slice the enormous slime creature!!
The enormous slime creature is lightly wounded.
You closely miss the brown ugly thing.
You block the brown ugly thing's attack.
GONNNNG!
The enormous slime creature hits you!!!
* * * LOW HITPOINT WARNING * * *
You focus on the pain.
You feel your power returning.
You are too berserk!
Unknown command.
You slice the enormous slime creature!!
The enormous slime creature is moderately wounded.
You barely miss the brown ugly thing.
You block the brown ugly thing's attack.
BOUMMMMG!
You hear a shout!
You barely miss the enormous slime creature.
The enormous slime creature is moderately wounded.
You slash the brown ugly thing!
You block the enormous slime creature's attack.
PANG!
You hear a shout!
Unknown command.
You slash the brown ugly thing!
The brown ugly thing is heavily wounded.
You hit the enormous slime creature.
You block the brown ugly thing's attack.
GONNNNG!
You block the enormous slime creature's attack.
GONNNNG!
You slash the brown ugly thing!
The brown ugly thing is severely wounded.
You slash the enormous slime creature!
You are no longer berserk.
You are exhausted.
You feel yourself slow down.
The brown ugly thing headbutts you but does no damage.
The vampire mumbles some strange words.
The vampire flickers and vanishes!
Deactivating autopickup; reactivate with Ctrl-A.
The enormous slime creature hits you!!!
You die...

................
#..............
#..............
#!.............
##..............
.......YJ.......
......YYY{.....?
#######J######..
#@# . #u#


OD# ..{# ..... ####.. #.. #... You could see an eight-headed hydra, a brown ugly
thing, an enormous slime creature, a slime creature, a two-headed ogre and 4
yaks.

Vanquished Creatures
  An orc warlord (Bailey)
  The ghost of killozap the Carver, a novice MiFi of Cheibriados (D:8)
  A gargoyle (D:10)
  2 vault sentinels (D:8)
  A komodo dragon (D:9)
  An unseen horror (D:7)
  Grinder (D:5)
  A slime creature (D:11)
  The ghost of Darius099 the Covered, an amateur GrFi of Okawaru (D:4)
  Sigmund (D:2)
  8 yaks
  A vampire (D:11)
  A wyvern (D:7)
  A wraith (D:9)
  4 steam dragons
  A warg (D:8)
  2 water moccasins
  2 acid dragons
  4 sky beasts
  A black bear (D:5)
  9 orc warriors
  An ice beast (D:5)
  5 centaurs
  2 ogres (D:6)
  A phantom (D:6)
  4 kobold brigands
  A necrophage (D:7)
  A scorpion (D:4)
  6 killer bees (D:9)
  A howler monkey (D:10)
  4 orc priests
  A gnoll shaman (D:10)
  3 hounds (D:5)
  3 jellies
  An iguana (D:5)
  4 orc wizards
  3 adders
  6 gnolls
  2 shadow imps
  A white imp (D:5)
  5 worms
  2 dart slugs
  34 orcs
  6 bats
  5 endoplasms
  4 giant cockroaches
  8 goblins
  6 hobgoblins
  6 jackals
  5 quokkas
  8 ball pythons
  6 frilled lizards
  49 kobolds
  2 rats (D:1)
  A spectral orc (D:8)
242 creatures vanquished.

Vanquished Creatures (others)
  A kobold (D:10)
  51 plants
52 creatures vanquished.

Grand Total: 294 creatures vanquished

Notes
Turn   | Place    | Note
-------+----------+-------------------------------------------
     0 | D:1      | sammy202020 the Demonspawn Berserker began the quest for
                  | the Orb.
     0 | D:1      | Reached XP level 1. HP: 18/18 MP: 1/1
   235 | D:1      | Gained mutation: You regenerate magic rapidly. [demonic
                  | ancestry]
   235 | D:1      | Reached XP level 2. HP: 21/24 MP: 2/2
   617 | D:1      | Reached ** piety under Trog
   757 | D:1      | Gained mutation: You are partially covered in thin metallic
                  | scales. (AC +2) [demonic ancestry]
   757 | D:1      | Reached XP level 3. HP: 22/29 MP: 3/3
   848 | D:1      | Found a faded altar of an unknown god.
  1078 | D:2      | Gained mutation: You sometimes gain a little power by
                  | taking damage. [demonic ancestry]
  1078 | D:2      | Reached XP level 4. HP: 37/37 MP: 4/4
  1272 | D:2      | Noticed Sigmund
  1283 | D:2      | Killed Sigmund
  1284 | D:2      | Reached skill level 4 in Fighting
  1284 | D:2      | Gained mutation: You are mostly covered in thin metallic
                  | scales. (AC +3) [demonic ancestry]
  1284 | D:2      | Reached XP level 5. HP: 43/43 MP: 5/5
  1284 | D:2      | Reached XP level 6. HP: 49/49 MP: 6/6
  2156 | D:3      | Reached *** piety under Trog
  2177 | D:3      | Found Kaiddes's Antique Armour Shoppe.
  2483 | D:4      | Noticed Darius099's ghost (amateur GrFi)
  2489 | D:4      | Found a runed translucent gate.
  2489 | D:4      | Found a runed translucent gate.
  2492 | D:4      | Found a runed translucent gate.
  2517 | D:4      | Killed Darius099's ghost
  2518 | D:4      | Reached skill level 5 in Fighting
  2518 | D:4      | Reached XP level 7. HP: 56/56 MP: 7/7
  3309 | D:4      | Found a broken altar of Ashenzari.
  3310 | D:4      | Found an ornate altar of the Wu Jian Council.
  3311 | D:4      | Found a shimmering blue altar of Sif Muna.
  3312 | D:4      | Found a burning altar of Makhleb.
  3356 | D:5      | Entered Level 5 of the Dungeon
  3361 | D:5      | Noticed Grinder
  3398 | D:5      | Killed Grinder
  3399 | D:5      | Reached skill level 5 in Axes
  3434 | D:5      | Found a sacrificial altar of Ru.
  3522 | D:5      | Gained mutation: When hurt, damage is shared between your
                  | health and your magic reserves. [demonic ancestry]
  3522 | D:5      | Reached XP level 8. HP: 57/64 MP: 8/8
  3959 | D:5      | Reached skill level 5 in Armour
  4075 | D:5      | Reached skill level 6 in Fighting
  4154 | D:5      | Found a staircase to the Ecumenical Temple.
  4535 | D:6      | Reached skill level 1 in Evocations
  5517 | D:7      | Gained mutation: You are completely covered in thin
                  | metallic scales. (AC +4, rElec) [demonic ancestry]
  5517 | D:7      | Reached XP level 9. HP: 45/71 MP: 5/9
  5923 | D:7      | Found a basalt altar of Yredelemnul.
  5933 | D:7      | Reached skill level 7 in Fighting
  6222 | D:7      | Killed an unseen horror
  6619 | D:8      | Found a runed translucent gate.
  6620 | D:8      | Found a runed translucent gate.
  6622 | D:8      | Found a runed translucent gate.
  6623 | D:8      | Noticed killozap's ghost (novice MiFi)
  6623 | D:8      | Identified the +0 chain mail of Action {rElec Int+2 Dex+3}
  6738 | D:8      | Found a shimmering altar of Xom.
  6741 | D:8      | Found a shimmering altar of Xom.
  6741 | D:8      | Found a shimmering altar of Xom.
  6742 | D:8      | Found a shimmering altar of Xom.
  6743 | D:8      | Found a shimmering altar of Xom.
  6743 | D:8      | Found a shimmering altar of Xom.
  6778 | D:8      | Found a shimmering altar of Xom.
  6901 | D:8      | Reached **** piety under Trog
  7142 | D:8      | Noticed a vault sentinel
  7142 | D:8      | Noticed a vault sentinel
  7146 | D:8      | Found the +18 shield of the Gong {rElec rN+ Will+ EV-5}
  7157 | D:8      | Killed a vault sentinel
  7164 | D:8      | Killed a vault sentinel
  7165 | D:8      | Reached skill level 8 in Fighting
  7165 | D:8      | Reached skill level 5 in Dodging
  7178 | D:8      | Reached XP level 10. HP: 44/80 MP: 5/10
  7420 | D:8      | Found a hazy altar of Hepliaklqana.
  7757 | D:8      | Killed killozap's ghost
  7758 | D:8      | Reached skill level 1 in Shields
  8248 | D:9      | Found a staircase to the Lair.
  8445 | D:9      | Found a flagged portal.
  8473 | Bailey   | Entered a bailey
  8478 | Bailey   | Noticed an orc warlord
  8618 | Bailey   | Found a runed translucent gate.
  8621 | Bailey   | Found a runed translucent gate.
  8623 | Bailey   | Found a runed translucent gate.
  8658 | Bailey   | Gained mutation: You are clumsy. (Dex -2) [potion of
                  | mutation]
  8702 | Bailey   | Killed an orc warlord
  8703 | Bailey   | Reached skill level 9 in Fighting
  8728 | Bailey   | Gained mutation: You have a pair of small antennae on your
                  | head. [demonic ancestry]
  8728 | Bailey   | Reached XP level 11. HP: 52/90 MP: 5/11
  9042 | D:9      | Reached skill level 10 in Fighting
 10007 | D:10     | Entered Level 10 of the Dungeon
 10617 | D:10     | Reached skill level 5 in Shields
 10622 | D:10     | Reached XP level 12. HP: 53/97 MP: 6/12
 11040 | D:11     | Noticed an eight-headed hydra
 11042 | D:11     | Noticed a two-headed ogre
 11050 | D:11     | Demolished by an enormous slime creature

Illustrated notes

Levels and vault maps discovered:
D:1:      evilmike_arrival_hilbert_curve, layout_basic,
          shapermc_ecumenical_altar_mp_vishouse
D:2:      cheibrodos_pilgrimage, layout_rooms, kennysheep_small_spiral,
          minmay_hedge_maze, minmay_tromino_v4_b, uniq_sigmund
D:3:      layout_rooms, serial_shops, nicolae_shop_competitors_out_of_business
D:4:      layout_basic, mainiacjoe_overflow_alcove_3, gammafunk_ghost_split
D:5:      layout_basic, nicolae_ru_sacrificial_ziggurat,
          minmay_temple_entry_butterflies, uniq_grinder
D:6:      nicolae_cairo_tiling, layout_basic
D:7:      layout_loops_ring, lemuel_round_altar,
          mainiacjoe_overflow_concentric_impassable
D:8:      kennysheep_kobold_camp, layout_rooms,
          nicolae_hepliaklqana_monster_ancestors, nicolae_xom_altar_mimics,
          biasface_ghost_orc_armoury, hellmonk_guarded_unrand_gong
D:9:      layout_gridville, david_lair_shrubbed, enter_bailey_2
D:10:     cheibrodos_steamvent, layout_basic
D:11:     layout_small_grid, erik_orc_3, serial_shops, nicolae_lakefront_shop,
          minmay_misc_feat_rows, chequers_decorated_corner

Skill      XL: |  1  2  3  4  5  6  7  8  9 10 11 |
---------------+----------------------------------+-----
Armour         | 2 3 4 5 7 8 |  8.9
Axes           | 3 4 5 6 7 9 |  9.4
Dodging        | 2 3 4 5 6 |  6.5
Fighting       | 4 5 6 8 9 10 | 10.3
Evocations     | 2 3 4 |  4.8
Shields        | 4 5 |  5.2

Action                   |  1- 3 |  4- 6 |  7- 9 | 10-12 || total
-------------------------+-------+-------+-------+-------++-------
Melee: Hand axe          |    64 |   123 |   142 |       ||   329
       Punch             |       |     1 |     6 |       ||     7
       War axe           |       |       |   209 |   257 ||   466
Throw: Boomerang         |       |       |     7 |     3 ||    10
       Dart              |       |       |     1 |       ||     1
Invok: Trog's Hand       |     1 |     2 |     4 |     6 ||    13
       Berserk           |     1 |     2 |     3 |     6 ||    12
  Use: Scroll            |     2 |    10 |     6 |     5 ||    23
       Potion            |       |       |     1 |     2 ||     3
 Stab: Sleeping          |     1 |       |       |       ||     1
Armor: Animal skin       |    23 |     4 |       |       ||    27
       Chain mail        |       |    65 |   291 |     7 ||   363
       Leather armour    |       |     5 |       |       ||     5
       Plate armour      |       |       |       |   109 ||   109
Dodge: Dodged            |    41 |    50 |   153 |     6 ||   250
Block: Kite shield       |       |       |       |   421 ||   421
       Reflection        |       |       |       |    15 ||    15

Table legend: (Time is in decaauts)
 A = Elapsed time spent in this place.
 B = Non-inter-level travel time spent in this place.
 C = Inter-level travel time spent in this place.
 D = Time resting spent in this place.
 E = Time spent auto-exploring this place.
 F = Levels seen in this place.
 G = Mean time per level.
                   A        B        C        D        E       F      G
               +--------+--------+--------+--------+--------+-----+--------+
         Total |  11261 |  11011 |    250 |    921 |   7647 |  12 |  938.4 |
       Dungeon |  10680 |  10430 |    250 |    864 |   7333 |  11 |  970.9 |
        Bailey |    581 |    581 |      0 |     57 |    314 |   1 |  581.0 |
               +--------+--------+--------+--------+--------+-----+--------+

Top non-repeatable levels by time:
     D:9: 1598 daAuts
     D:8: 1374 daAuts
     D:6: 1194 daAuts
     D:7: 1103 daAuts
     D:1: 1075 daAuts
    D:10: 1023 daAuts
     D:5: 938 daAuts
     D:4: 926 daAuts
     D:2: 853 daAuts
  Bailey: 581 daAuts
     D:3: 549 daAuts
    D:11: 42 daAuts
